 Dungeon Crawl Stone Soup version 0.29-a0-319-gad05b8d819 (webtiles) character file.

Game seed: 1883832597389546853

27 Flugkiller the Chopper (level 3, 0/34 HPs)
             Began as a Mayflytaur Chaos Knight on Apr 1, 2022.
             Was a Plaything of Xom.
             Slain by an iguana (11 damage)
             ... on level 3 of the Dungeon.
             The game lasted 00:01:25 (360 turns).

Flugkiller the Chopper (Mayflytaur Chaos Knight)     Turns: 360, Time: 00:01:26

Health: 0/34       AC:  5    Str: 13    XL:     3   Next: 10%
Magic:  4/4        EV: 11    Int: 13    God:    Xom [..*...]
Gold:   51         SH:  0    Dex: 16    Spells: 2/2 levels left

rFire   . . .      SeeInvis .   a - +0 hand axe (chaos)
rCold   . . .      Faith    .   (no shield)
rNeg    . . .      Spirit   .   b - +2 leather armour
rPois   +          Reflect  .   (no helmet)
rElec   .          Harm     .   (no cloak)
rCorr   .          Rampage  .   (no gloves)
Will    .....                   (no boots)
Stlth   +.........              (no amulet)
HPRegen 0.11/turn               o - ring of poison resistance
MPRegen 0.09/turn               (no ring)

@: flying
A: damage resistance, big wings, sense surroundings 1, short lifespan
a: Renounce Religion


You were on level 3 of the Dungeon.
You worshipped Xom.
You were a toy of Xom.
You visited 1 branch of the dungeon, and saw 3 of its levels.

You collected 51 gold pieces.

Inventory:

Hand Weapons
 a - a +0 hand axe of chaos (weapon)
Armour
 b - a +2 leather armour (worn)
Jewellery
 o - a ring of poison resistance (left hand)
   (You found it on level 1 of the Dungeon)
Scrolls
 d - a scroll of holy word {unknown}
Potions
 e - a potion of curing {unknown}
Miscellaneous
 c - a piece from Xom's chessboard (15/15) (quivered)


   Skills:
 - Level 3.2 Fighting
 + Level 4.6 Axes
 - Level 2.1 Armour
 - Level 1.1 Dodging


You had 2 spell levels left.
You didn't know any spells.
Your spell library was empty.

Dungeon Overview and Level Annotations

Branches:
Dungeon (3/15)

Altars:


Innate Abilities, Weirdness & Mutations

You are resistant to damage.
Your large and strong wings let you fly.
You passively map a small area around you.
You are easily found by Zot.


Message History

You closely miss the bat. The bat hits you but does no damage.
The bat barely misses you. The bat hits you but does no damage.
You slash the bat! You freeze the bat.
You kill the bat!
You hit the goblin.
You kill the goblin!
No target in view!
No target in view!
Things that are here:
a +0 short sword; 2 stones; a kobold corpse
Found 6 gold pieces.
You now have 25 gold pieces (gained 6).
A dart slug comes into view.
You have lingered too long.
Zot senses you.
Dive deeper or flee this branch before you perish!
You slash the dart slug!
You kill the dart slug!
You have reached level 3!
Your experience leads to an increase in your attributes!
Increase (S)trength, (I)ntelligence, or (D)exterity?
You feel agile. x3
You see here a dart slug corpse.
You feel a little less mighty now. "Let's try an experiment, hmmm?"
The water briefly glows.
You see here a dart slug corpse.
There is a stone staircase leading down here.
There is a stone staircase leading down here.
There is a stone staircase leading down here.
You fly downwards.
Found a quarterstaff.
There is a stone staircase leading up here.
Found a stone staircase leading down.
Found 9 gold pieces.
Found a stone staircase leading down.
There is a stone staircase leading down here.
You now have 34 gold pieces (gained 9).
There is a stone staircase leading down here.
You fly downwards.
As you enter the new level, Zot loses track of you.
There is a stone staircase leading up here.
Found 17 gold pieces.
You now have 51 gold pieces (gained 17).
An endoplasm comes into view.
An endoplasm is nearby!
Found a fuming grey potion.
The helpless endoplasm fails to defend itself.
You hit the endoplasm. You freeze the endoplasm.
The endoplasm is moderately wounded.
The endoplasm freezes you.
You are frozen.
You hit the endoplasm. You burn the endoplasm.
The endoplasm is severely wounded.
The endoplasm barely misses you.
You hit the endoplasm.
You kill the endoplasm!
No target in view!
e - a fuming grey potion
Found a stone staircase leading down.
Xom twists space around you.
Your surroundings suddenly seem different.
A quokka, a goblin and a ball python come into view.
Found a ring mail and 18 gold pieces.
Your surroundings suddenly seem different.
Found three items.
Your surroundings suddenly seem different.
An iguana and a ball python come into view.
Found a thin runed staff.
The quokka moves out of view.
The goblin moves out of view.
The ball python moves out of view.
The ball python hisses angrily.
The ball python bites you but does no damage.
The ball python barely misses you.
You hit the iguana. You burn the iguana.
The iguana is lightly wounded.
You hit the ball python but do no damage.
The ball python closely misses you. x2; The iguana bites you!
You closely miss the iguana.
The iguana is lightly wounded.
You hit the ball python.
The ball python seems to grow stronger.
The ball python closely misses you. The ball python barely misses you.
The iguana bites you but does no damage.
You hit the ball python.
You kill the ball python!
You barely miss the iguana. The iguana bites you!
You are too injured to fight recklessly!
You hit the iguana but do no damage.
The iguana is lightly wounded.
The iguana bites you!
* * * LOW HITPOINT WARNING * * *
You hit the iguana.
The iguana is moderately wounded.
Xom smirks.
You detect items!
The iguana misses you.
You completely miss the iguana.
The iguana is moderately wounded.
The iguana closely misses you.
You hit the iguana but do no damage.
The iguana goes berserk!
The iguana is moderately wounded.
The iguana bites you!
You die...
Xom giggles madly!

*, *
###########
*
..........#
,
.......@..#
*
.......l..#
, ,
..........#
* *
..........#
, ,
..........#
, ,
|.........#
##.*
..........#
?...
####.######
.....


You could see an iguana (berserk).

Vanquished Creatures
  2 dart slugs (D:1)
  2 bats (D:1)
  An endoplasm (D:3)
  A giant cockroach (D:1)
  4 goblins
  A hobgoblin (D:1)
  A quokka (D:1)
  4 ball pythons
  A frilled lizard (D:2)
  2 kobolds (D:1)
  2 rats (D:1)
21 creatures vanquished.

Notes
Turn   | Place    | Note
-------+----------+-------------------------------------------
     0 | D:1      | Flugkiller the Mayflytaur Chaos Knight began the quest for
                  | the Orb.
     0 | D:1      | Reached XP level 1. HP: 21/21 MP: 2/2
    98 | D:1      | Glimpsed the power of Zot.
   103 | D:1      | Reached skill level 4 in Axes
   103 | D:1      | Reached XP level 2. HP: 28/28 MP: 3/3
   122 | D:2      | XOM: potion effect (might)
   132 | D:1      | XOM: divination: detect items
   196 | D:1      | Glimpsed the power of Zot.
   199 | D:1      | Reached XP level 3. HP: 34/34 MP: 4/4
   206 | D:1      | XOM: silly message
   352 | D:3      | XOM: 3-stop teleportation journey
   358 | D:3      | XOM: divination: detect items
   360 | D:3      | Slain by an iguana

Illustrated notes

Levels and vault maps discovered:
D:1:      lightli_arrival_isolated_outpost, layout_loops_ring,
          hellmonk_ecumenical_altar_leap_of_faith, palyth_stone_intersect
D:2:      layout_loops_ring
D:3:      layout_basic, corexii_corridor_pit

Skill      XL: |  1 |
---------------+----+-----
Axes           | 4 |  4.6
Fighting       | |  3.2
Armour         | |  2.1
Dodging        | |  1.1

Action                   || total
-------------------------++-------
Melee: Hand axe          ||    47
 Stab: Sleeping          ||     1
Armor: Leather armour    ||    21
Dodge: Dodged            ||    33

Table legend: (Time is in decaauts)
 A = Elapsed time spent in this place.
 B = Non-inter-level travel time spent in this place.
 C = Inter-level travel time spent in this place.
 D = Time resting spent in this place.
 E = Time spent auto-exploring this place.
 F = Levels seen in this place.
 G = Mean time per level.
                   A        B        C        D        E       F      G
               +--------+--------+--------+--------+--------+-----+--------+
         Total |    364 |    333 |     31 |      0 |      0 |   3 |  121.3 |
       Dungeon |    364 |    333 |     31 |      0 |      0 |   3 |  121.3 |
               +--------+--------+--------+--------+--------+-----+--------+

Top non-repeatable levels by time:
     D:1: 255 daAuts
     D:2: 58 daAuts
     D:3: 50 daAuts
